 Dungeon Crawl Stone Soup version 0.18.1-48-g4cf74bf (webtiles) character file.

2178 Dickchan the Carver (level 9, 0/75 HPs)
             Began as a Naga Berserker on July 30, 2016.
             Was an Elder of Trog.
             Slain by an ogre
             ... wielding a +0 giant spiked club
              (16 damage)
             ... on level 7 of the Dungeon.
             The game lasted 00:11:44 (6833 turns).

Dickchan the Carver (Naga Berserker)                Turns: 6833, Time: 00:11:44

Health: 0/75       AC: 13    Str: 23    XL:     9   Next: 33%
Magic:  18/18      EV:  5    Int:  7    God:    Trog [****..]
Gold:   318        SH:  3    Dex: 11    Spells: 0 memorised, 8 levels left

rFire  + . .     SeeInvis +     E - +3 hand axe "Loeblien" {drain, MR+}
rCold  x . .     Gourm    .     B - +3 chain mail "Somof" {+Blink MR+ Stlth+}
rNeg   . . .     Faith    .     z - +0 buckler
rPois  +         Spirit   .     (no helmet)
rElec  .         Dismiss  .     q - +0 cloak
rCorr  .         Reflect  .     x - +1 pair of gloves
SustAt .         Harm     .     (no barding)
MR     +++++                    (no amulet)
Stlth  ..........               s - ring of magical power
                                g - ring of fire

@: lethally poisoned (0 -> 0), exhausted, short of breath, starving,
regenerating, slowed, very slow, almost entirely resistant to hostile
enchantments, extremely unstealthy
A: see invisible, deformed body, poison resistance, slowness 2, slow metabolism
1, spit poison 2, AC +3
a: Spit Poison, Berserk, Trog's Hand, Brothers in Arms, Burn Spellbooks,
Renounce Religion, Evoke Blink


You were on level 7 of the Dungeon.
You worshipped Trog.
Trog was greatly pleased with you.
You were starving.

You visited 1 branch of the dungeon, and saw 7 of its levels.

You collected 318 gold pieces.

Inventory:

Hand Weapons
 a - a +0 falchion
 u - a +0 morningstar of protection
 E - the +3 hand axe "Loeblien" (weapon) {drain, MR+}
   (You found it on level 5 of the Dungeon)

   A truly terrible weapon, it drains the life of those it strikes.
   It affects your resistance to hostile enchantments.
Missiles
 p - 201 stones (quivered)
Armour
 b - a +0 animal skin
 d - a +0 chain mail
 q - a +0 cloak (worn)
 r - a +2 leather armour of poison resistance
 v - a +2 ring mail of fire resistance
 x - a +1 pair of gloves (worn)
 z - a +0 buckler (worn)
 B - the +3 chain mail "Somof" (worn) {+Blink MR+ Stlth+}
   (You found it on level 4 of the Dungeon)

   It affects your resistance to hostile enchantments.
   It lets you blink.
   It makes you more stealthy.
Jewellery
 g - a ring of fire (left hand)
 s - a ring of magical power (right hand)
Wands
 y - a wand of iceblast (10/15)
 J - a wand of paralysis (9/24)
Scrolls
 e - 4 scrolls of remove curse
 f - 3 scrolls of enchant armour
 h - 8 scrolls of identify
 k - 2 scrolls of teleportation
 C - 2 scrolls of recharging {unknown}
 F - a scroll of amnesia {unknown}
 G - a scroll of immolation {unknown}
 H - a scroll of acquirement {unknown}
Potions
 i - 3 potions of curing {unknown}
 j - a potion of berserk rage {unknown}
 l - a potion of degeneration {unknown}
 m - a potion of magic {unknown}
 o - 2 potions of agility {unknown}
 A - a potion of invisibility {unknown}
Books
 t - a book of the Tempests

   Spells                             Type                      Level
   a - Static Discharge               Conjuration/Air              3
   b - Lightning Bolt                 Conjuration/Air              5
   c - Fireball                       Conjuration/Fire             5
   d - Tornado                        Air                          9
   e - Shatter                        Earth                        9
   Trog disapproves of the use of such an item.
 D - a book of Geomancy

   Spells                             Type                      Level
   a - Sandblast                      Earth                        1
   b - Passwall                       Transmutation/Earth          2
   c - Stone Arrow                    Conjuration/Earth            3
   d - Petrify                        Transmutation/Earth          4
   e - Lee's Rapid Deconstruction     Earth                        5
   Trog disapproves of the use of such an item.
Comestibles
 c - 5 bread rations
 n - 2 meat rations
 w - a beef jerky
 I - a chunk of flesh


   Skills:
 - Level 3.0 Fighting
 + Level 12.1 Long Blades
 - Level 1.5 Armour
 - Level 1.5 Dodging


You had 8 spell levels left.
You didn't know any spells.

Dungeon Overview and Level Annotations

Branches:
Dungeon (7/15)             Temple (0/1) D:6

Altars:
Elyvilon
Fedhas
Gozag
Makhleb
Okawaru
Pakellas
Ru
Xom


Innate Abilities, Weirdness & Mutations

You cannot wear boots.
Your serpentine skin is tough (AC +3).
You have supernaturally acute eyesight.
Armour fits poorly on your strangely shaped body.
Your system is resistant to poisons.
You cover ground very slowly.
You have a slow metabolism.
You can spit poison.


Message History

The centaur hits you but does no damage.
You slash the centaur!
You kill the centaur!
Trog accepts your kill.
The ogre hits you with a giant spiked club!
Press: ? - help, Shift-Dir - straight line, f - ogre
Aim: an ogre, wielding a giant spiked club The splash of poison hits the ogre.
The ogre is poisoned.
The ogre is lightly wounded.
You are starving!
You feel sick. The ogre barely misses you.
You are too hungry to fight recklessly!
You are too hungry to fight recklessly!
You are too hungry to fight recklessly!
You hit the ogre.
The ogre is moderately wounded.
The ogre hits you with a giant spiked club!!
* * * LOW HITPOINT WARNING * * *
The ogre hits you with a giant spiked club!
You die...

..... ....8 #...##.
#.#.##.# #.#.##.#
#.#.##.#
#######.#O.#.##
#.....†(@#....
#........#...#########
#........#......)....#
#######.##...#######.#
#.##...# #.# #.##...#
#.#
#.##...#######.####
#.##.#.#...........
#.##.#.#...........


You could see an ogre.

Vanquished Creatures
  The ghost of letownia the Thaumaturge, a novice OpWz of Gozag (D:6)
  An ice beast (D:6)
  An orc warrior (D:6)
  A phantom (D:5)
  A centaur (D:7)
  An ogre (D:4)
  5 giant frogs (D:6)
  5 scorpions
  5 killer bees (D:7)
  A jelly (D:6)
  2 hounds (D:4)
  2 orc wizards
  A centaur skeleton (D:6)
  2 orc priests
  An iguana (D:4)
  3 worker ants
  Ijyb (D:3)
  A hound zombie (D:5)
  2 hound skeletons
  A gnoll (D:4)
  9 adders
  2 oozes (D:1)
  2 worms
  A dart slug (D:1)
  2 giant geckos
  14 orcs
  3 giant cockroaches
  12 goblins
  12 hobgoblins
  12 jackals
  10 kobolds
  2 quokkas
  3 ball pythons
  9 bats
  6 giant newts
  A jackal skeleton (D:4)
  A jackal zombie (D:5)
  11 rats
  A bush (D:2)
151 creatures vanquished.

Vanquished Creatures (others)
  A plant (D:2)
1 creature vanquished.

Grand Total: 152 creatures vanquished

Notes
Turn   | Place    | Note
--------------------------------------------------------------
     0 | D:1      | Dickchan the Naga Berserker began the quest for the Orb.
     0 | D:1      | Reached XP level 1. HP: 21/21 MP: 1/1
   203 | D:1      | Reached XP level 2. HP: 28/28 MP: 2/2
   442 | D:1      | Reached skill level 4 in Long Blades
   693 | D:1      | Reached XP level 3. HP: 29/34 MP: 3/3
  1562 | D:2      | Reached ** piety under Trog
  1562 | D:2      | Reached XP level 4. HP: 42/42 MP: 4/4
  1796 | D:2      | Found an opulent altar of Gozag.
  1863 | D:2      | Found a sacrificial altar of Ru.
  1884 | D:2      | Reached skill level 5 in Long Blades
  2179 | D:2      | Reached XP level 5. HP: 27/49 MP: 5/5
  2760 | D:3      | Reached skill level 6 in Long Blades
  2776 | D:3      | HP: 2/49 [poisoned by a scorpion]
  3072 | D:3      | Found an oddly glowing altar of Pakellas.
  3196 | D:3      | Noticed Ijyb
  3204 | D:3      | Killed Ijyb
  3283 | D:3      | Reached XP level 6. HP: 33/56 MP: 6/6
  3727 | D:3      | Reached *** piety under Trog
  3926 | D:4      | Reached skill level 7 in Long Blades
  4274 | D:4      | Found an iron altar of Okawaru.
  4274 | D:4      | Found a shimmering altar of Xom.
  4275 | D:4      | Found a blossoming altar of Fedhas.
  4544 | D:4      | Reached XP level 7. HP: 45/62 MP: 7/7
  4560 | D:4      | Got a dazzling chain mail
  4565 | D:4      | Identified the +3 chain mail "Somof" {+Blink MR+ Stlth+} (You found it on level 4 of the Dungeon)
  4896 | D:4      | Reached skill level 8 in Long Blades
  4925 | D:4      | Found an iron altar of Okawaru.
  5134 | D:5      | Entered Level 5 of the Dungeon
  5322 | D:5      | Got an iridescent hand axe
  5323 | D:5      | Identified the +3 hand axe "Loeblien" {drain, MR+} (You found it on level 5 of the Dungeon)
  5831 | D:6      | Reached skill level 9 in Long Blades
  5843 | D:6      | Noticed letownia's ghost (novice OpWz)
  5869 | D:6      | Killed letownia's ghost
  5869 | D:6      | Reached skill level 10 in Long Blades
  5869 | D:6      | Reached XP level 8. HP: 43/69 MP: 8/8
  6142 | D:6      | Reached skill level 11 in Long Blades
  6154 | D:6      | Reached **** piety under Trog
  6154 | D:6      | Reached XP level 9. HP: 65/75 MP: 9/9
  6201 | D:6      | Found a white marble altar of Elyvilon.
  6247 | D:6      | Found a staircase to the Ecumenical Temple.
  6749 | D:7      | Found a burning altar of Makhleb.
  6816 | D:7      | Reached skill level 12 in Long Blades
  6833 | D:7      | Slain by an ogre

Skill      XL: |  1  2  3  4  5  6  7  8  9 |
---------------+----------------------------+-----
Long Blades    | 4 5 6 7 10 11 12 | 12.1
Fighting       | |  3.0
Armour         | |  1.5
Dodging        | |  1.5

Action                   |  1- 3 |  4- 6 |  7- 9 || total
-------------------------+-------+-------+-------++-------
Melee: Falchion          |   115 |   335 |       ||   450
       Morningstar       |       |    75 |   111 ||   186
       Hand axe          |       |       |   168 ||   168
Invok: Berserk           |     2 |     5 |     5 ||    12
       Trog's Hand       |       |       |     2 ||     2
 Abil: Spit Poison       |     3 |     1 |     2 ||     6
       Evoke Blink       |       |       |     2 ||     2
  Use: Scroll            |       |       |     6 ||     6
 Stab: Paralysed         |       |     1 |       ||     1
  Eat: Chunk             |     3 |    13 |    11 ||    27
Armor: Animal skin       |     6 |       |       ||     6
       Chain mail        |    22 |   215 |   288 ||   525
Dodge: Dodged            |    60 |   105 |   110 ||   275
Block: Buckler           |       |     4 |    44 ||    48
